 Dungeon Crawl Stone Soup version 0.26.1-11-gd32895ea62 (webtiles) character file.

Game seed: 8923634809284810823

11 vvl the Insei (level 2, -6/21 HPs)
             Began as a Demonspawn Transmuter on June 3, 2021.
             Mangled by a kobold
             ... wielding a +0 dagger of electrocution
              (19 damage)
             ... on level 1 of the Dungeon.
             The game lasted 00:01:06 (334 turns).

vvl the Insei (Demonspawn Transmuter)                Turns: 334, Time: 00:01:07

Health: -6/21      AC:  2    Str: 10    XL:     2   Next: 13%
Magic:  4/5        EV: 12    Int: 14    God:
Gold:   0          SH:  0    Dex: 13    Spells: 4/5 levels left

rFire    + . .     SeeInvis .     - Unarmed
rCold    . . .     Faith    .   (no shield)
rNeg     . . .     Spirit   .   a - +0 robe
rPois    .         Reflect  .   (helmet currently unavailable)
rElec    .         Harm     .   (no cloak)
rCorr    .         Rampage  .   (no gloves)
Will     .....                  (boots currently unavailable)
Stlth    +.........             (no amulet)
HPRegen  0.07/turn              (no ring)
MPRegen  0.09/turn              (no ring)

@: appendages
A: horns 2, talons 2, fire resistance 1
a: End Transformation


You were on level 1 of the Dungeon.
You had grown temporary horns.
You had grown temporary talons.
You visited 1 branch of the dungeon, and saw 1 of its levels.

Inventory:

Armour
 a - a +0 robe (worn)


   Skills:
 + Level 1.2 Fighting
 + Level 1.9 Dodging
 * Level 2.8 Unarmed Combat
 + Level 2.0 Spellcasting
 * Level 2.1 Transmutations


You had 4 spell levels left.
You knew the following spells:

 Your Spells              Type           Power        Failure   Level
a - Beastly Appendage     Tmut           14%          10%         1

Your spell library contained the following spells:

 Spells                   Type           Power        Failure   Level
 Wereblood                Tmut           7%           16%         2
 Spider Form              Tmut/Pois      2%           41%         3
 Ice Form                 Ice/Tmut       4%           83%         4
 Blade Hands              Tmut           3%           95%         5


Dungeon Overview and Level Annotations

Branches:
Dungeon (1/15)

Altars:


Innate Abilities, Weirdness & Mutations

Your flesh is heat resistant. (rF+)
You have a pair of horns on your head.
You have razor-sharp toenails.


Message History

The kobold shouts!
A bat comes into view.
You barely miss the kobold. The kobold hits you with a +0 dagger.
You hit the kobold.
You kill the kobold!
The bat hits you but does no damage. The bat barely misses you.
You barely miss the bat. The bat barely misses you.
Casting: Beastly Appendage (safe; 10% risk of failure)
Confirm with . or Enter, or press ? or * to list all spells.
You grow a pair of large bovine horns.
Your feet morph into talons.
The bat barely misses you. The kobold hits you but does no damage.
The bat hits you but does no damage.
You barely miss the kobold. Your kick misses the kobold.
The bat barely misses you.
The kobold hits you with a +0 dagger of electrocution.
You closely miss the kobold. You claw the kobold, but do no damage.
The bat hits you but does no damage. x2
The kobold hits you but does no damage.
You are electrocuted!!
Ouch! That really hurt!
You die...

### #.. #.# ##
#.# . #.#.# ##
##.#.#....
#.KbB.....
#.#.@#########
#............#
#....#######.#
#.....
#.########
#.[.##
#.#..†....
#...
##.#.#####.
#..>
#..........
##.#
####.#..... #.
#.[........


You could see a giant cockroach, a bat and a kobold.

Vanquished Creatures
  An adder zombie (D:1)
  A hobgoblin (D:1)
  2 kobolds (D:1)
  A frilled lizard (D:1)
  2 goblins (D:1)
  A leopard gecko zombie (D:1)
8 creatures vanquished.

Notes
Turn   | Place    | Note
-------+----------+-------------------------------------------
     0 | D:1      | vvl the Demonspawn Transmuter began the quest for the Orb.
     0 | D:1      | Reached XP level 1. HP: 15/15 MP: 3/3
   224 | D:1      | Gained mutation: Your flesh is heat resistant. (rF+)
                  | [demonic ancestry]
   224 | D:1      | Reached XP level 2. HP: 17/21 MP: 3/5
   334 | D:1      | Mangled by a kobold

Illustrated notes

Levels and vault maps discovered:
D:1:      saegor_arrival_fortress, layout_basic, serial_rivers,
          chequers_serial_rivers_micro_a, chequers_serial_rivers_room_a,
          chequers_serial_rivers_micro_a, chequers_serial_rivers_small_b,
          chequers_garden

Skill      XL: |  1 |
---------------+----+-----
Transmutations | 2 |  2.1
Fighting       | |  1.2
Dodging        | |  1.9
Unarmed Combat | |  2.8
Spellcasting   | |  2.0

Action                   || total
-------------------------++-------
Melee: Unarmed           ||    33
       Kick              ||     6
       Headbutt          ||     5
 Cast: Beastly Appendage ||     7
Armor: Robe              ||    11
Dodge: Dodged            ||    16
